 Dungeon Crawl Stone Soup version 0.22-a0-570-g58866f5 (webtiles) character file.

78495 emperorscorpion the Markscentaur (level 15, -4/134 HPs)
             Began as a Centaur Hunter on June 30, 2018.
             Was a High Priest of Fedhas.
             Slain by a merfolk impaler
             ... wielding a +3 vampiric trident
              (26 damage)
             ... on level 2 of the Shoals.
             The game lasted 01:37:03 (25150 turns).

emperorscorpion the Markscentaur (Centaur Hunter)  Turns: 25150, Time: 01:37:04

Health: -4/134     AC: 22    Str: 20    XL:     15   Next: 18%
Magic:  18/19      EV:  9    Int: 11    God:    Fedhas [*****.]
Gold:   1373       SH:  0    Dex: 13    Spells: 15/20 levels left

rFire    x . .     SeeInvis .   a - +9 trident
rCold    + . .     Gourm    .   (no shield)
rNeg     . . .     Faith    .   Z - +4 ring mail of Dearear {+Fly rF- MR+++ rCorr}
rPois    +         Spirit   .   (no helmet)
rElec    .         Reflect  .   r - +1 cloak {rPois}
rCorr    +         Harm     +   n - +2 pair of gloves
MR       +++++                  m - +0 centaur barding
Stlth    +++.......             q - amulet "Goiryeg" {Harm *Drain rPois rC+ MR+}
HPRegen  0.32/turn              j - +3 ring of strength (curse)
MPRegen  0.16/turn              u - ring of stealth

@: flying, very quick
A: large, hooves 3, deformed body, speed 2, tough skin 3
a: Fungal Bloom, Evolution, Sunlight, Growth, Reproduction, Rain, Renounce
Religion, Stop Flying


You were on level 2 of the Shoals.
You worshipped Fedhas.
Fedhas was extremely pleased with you.
You were not hungry.

You visited 3 branches of the dungeon, and saw 19 of its levels.
You also visited: Labyrinth and Bailey.

You collected 1413 gold pieces.
You spent 40 gold pieces at shops.

Inventory:

Hand Weapons
 a - a +9 trident (weapon)
 b - a +4 longbow of flaming
 d - a +0 demon trident of draining
Missiles
 i - 2 throwing nets
 o - an arrow
 z - 31 poisoned needles
 T - 15 javelins of penetration (quivered) {!f}
 V - 2 curare-tipped needles
Armour
 m - a +0 centaur barding (worn)
 n - a +2 pair of gloves (worn)
 r - a +1 cloak of poison resistance (worn)
 Z - the +4 ring mail of Dearear (worn) {+Fly rF- MR+++ rCorr}
   (You found it in a labyrinth)

   It makes you vulnerable to fire.
   It affects your resistance to hostile enchantments.
   It lets you fly.
   It protects you from acid and corrosion.
Magical Staves
 S - an uncursed staff of wizardry
Jewellery
 g - an uncursed amulet of harm
 j - a cursed +3 ring of strength (left hand)
 q - the amulet "Goiryeg" (around neck) {Harm *Drain rPois rC+ MR+}
   (You found it in a bailey)

   [amulet of harm]

   It increases damage dealt and taken.
   It protects you from cold.
   It protects you from poison.
   It affects your resistance to hostile enchantments.
   It causes draining when unequipped.
 u - a ring of stealth (right hand)
 y - an uncursed ring of resist corrosion
 B - an uncursed ring of protection from cold
 D - the ring "Mevik" {-Tele rElec rPois rC+ Str+4}
   (You found it on level 2 of the Lair of Beasts)

   [ring of protection from cold]

   It affects your strength (+4).
   It protects you from cold.
   It insulates you from electricity.
   It protects you from poison.
   It prevents most forms of teleportation.
 U - the amulet of the Four Winds {rN+ MR+++ Clar}
   (You found it in a labyrinth)

   [amulet of nothing]

   It protects you from negative energy.
   It affects your resistance to hostile enchantments.
   It protects you against confusion.
 X - an uncursed ring of fire
Wands
 k - a wand of random effects (6)
 x - a wand of enslavement (14)
 G - a wand of digging (9)
 H - a wand of clouds (6)
 J - a wand of disintegration (9)
 N - a wand of polymorph (12)
 W - a wand of acid (17)
Scrolls
 e - 3 scrolls of amnesia
 p - 10 scrolls of remove curse
 t - 6 scrolls of teleportation
 v - 9 scrolls of identify
 w - 5 scrolls of blinking
 A - a scroll of immolation
 C - 2 scrolls of fog
 E - 3 scrolls of fear
 L - 9 scrolls of enchant armour
Potions
 h - 7 potions of curing
 s - a potion of haste
 F - 4 potions of flight
 I - 2 potions of brilliance
 K - 2 potions of ambrosia
 M - 2 potions of cancellation
 O - 2 potions of heal wounds
 Q - 2 potions of agility
 R - 2 potions of might
Miscellaneous
 l - a box of beasts
 P - a lightning rod (4/4)
 Y - a phantom mirror
Comestibles
 f - 8 rations


   Skills:
 + Level 12.8 Fighting
 + Level 9.8 Polearms
 + Level 18.3 Bows
 + Level 1.2 Throwing
 + Level 7.2 Armour
 + Level 5.7 Dodging
 + Level 4.2 Stealth
 + Level 3.2 Spellcasting
 + Level 4.5 Translocations
 * Level 6.1 Invocations
 + Level 2.6 Evocations


You had 15 spell levels left.
You knew the following spells:

 Your Spells              Type           Power        Failure   Level  Hunger
b - Blink                 Tloc           N/A          10%         2    ###....
r - Regeneration          Chrm/Necr      #.........   77%         3    ###....

Your spell library contained the following spells:

 Spells                   Type           Power        Failure   Level  Hunger
 Fireball                 Conj/Fire      #.........   100%        5    ######.
 Conjure Flame            Conj/Fire      #.......     77%         3    ###....
 Lightning Bolt           Conj/Air       #.........   100%        5    ######.
 Bolt of Magma            Conj/Fire/Erth #.........   100%        5    ######.
 Confuse                  Hex            #.......     77%         3    ###....
 Throw Flame              Conj/Fire      #.....       52%         2    ###....
 Venom Bolt               Conj/Pois      #.........   100%        5    ######.
 Teleport Other           Tloc           ##......     19%         3    ###....
 Animate Dead             Necr           N/A          99%         4    #####..
 Pain                     Necr           #...         38%         1    #......
 Animate Skeleton         Necr           N/A          38%         1    #......
 Vampiric Draining        Necr           #.........   77%         3    ###....
 Sticky Flame             Conj/Fire      #.......     99%         4    #####..
 Summon Ice Beast         Ice/Summ       #.......     99%         4    #####..
 Tukima's Dance           Hex            #.......     77%         3    ###....
 Corpse Rot               Necr           N/A          52%         2    ###....
 Iron Shot                Conj/Erth      #.........   100%        6    #######
 Stone Arrow              Conj/Erth      #.....       77%         3    ###....
 Shock                    Conj/Air       #...         38%         1    #......
 Swiftness                Chrm/Air       #.......     52%         2    ###....
 Airstrike                Air            #.........   99%         4    #####..
 Confusing Touch          Hex            #.....       38%         1    #......
 Flame Tongue             Conj/Fire      #....        38%         1    #......
 Call Canine Familiar     Summ           #.......     77%         3    ###....
 Ensorcelled Hibernation  Hex/Ice        #.....       52%         2    ###....
 Metabolic Englaciation   Hex/Ice        #.........   100%        5    ######.
 Summon Butterflies       Summ           #.......     38%         1    #......
 Static Discharge         Conj/Air       #.......     77%         3    ###....
 Corona                   Hex            #......      38%         1    #......
 Petrify                  Tmut/Erth      #.......     99%         4    #####..
 Passage of Golubria      Tloc           N/A          52%         4    #####..
 Orb of Destruction       Conj           #.........   100%        7    #######
 Leda's Liquefaction      Hex/Erth       #.........   99%         4    #####..
 Summon Hydra             Summ           #.........   100%        7    #######
 Shroud of Golubria       Chrm/Tloc      #.........   24%         2    ###....
 Inner Flame              Hex/Fire       #.......     77%         3    ###....
 Iskenderun's Battlesphe  Conj/Chrm      #.......     100%        5    ######.
 Dazzling Spray           Conj/Hex       #.....       77%         3    ###....
 Summon Forest            Summ/Tloc      #.........   99%         5    ######.
 Spellforged Servitor     Conj/Summ      #.........   100%        7    #######
 Summon Mana Viper        Hex/Summ       #.......     100%        5    ######.
 Hydra Form               Tmut           #.........   100%        6    #######
 Gell's Gravitas          Tloc           ##........   19%         3    ###....
 Yara's Violent Unravell  Hex/Tmut       #.........   100%        5    ######.
 Lesser Beckoning         Tloc           ##........   19%         3    ###....


Dungeon Overview and Level Annotations

Branches:
Dungeon (11/15)            Temple (0/1) D:6            Lair (6/6) D:10
 Shoals (2/4) Lair:4       Spider (0/4) Lair:2        Slime (0/5) Lair:6
    Orc: D:9-12

Altars:
Ashenzari
Fedhas
Sif Muna
Trog
Uskayaw
Xom
Zin
The Shining One
Jiyva

Shops:
Shoals:1 *

Annotations:
D:9 Erica
Shoals:1 1 runed door, Dueffin's ghost, journeyman SpVM


Innate Abilities, Weirdness & Mutations

You have hooves in place of feet.
Armour fits poorly on your strangely shaped body.
You cover ground very quickly.
You have extremely tough skin. (AC +3)


Message History

Your wandering mushroom splashes around in the water.
The merfolk impaler hits you but does no damage.
Your wandering mushroom struggles against the net.
Unknown command.
Your +4 longbow of flaming stops flaming.
a - a +9 trident (weapon)
Your wandering mushroom splashes around in the water.
The merfolk impaler barely misses you.
Your wandering mushroom releases spores at the merfolk impaler!
The merfolk impaler is engulfed in a cloud of spores!
Unknown command.
Attack whom?
Press: ? - help, Dir - move target cursor, f/p - merfolk impaler
Aim: a merfolk impaler, wielding a vampiric trident and wearing a robe (moderately wounded)
You could not reach far enough!
The merfolk hits you but does no damage.
Your wandering mushroom splashes around in the water.
The merfolk impaler hits you from afar with a vampiric trident!!
You die...
Fedhas appreciates your contribution to the ecosystem.

# #.# ##..≈≈≈≈≈≈ ≈. ## ##.#
#### #...≈≈≈.# ≈≈.
f###%8####..# #..(≈≈≈##.≈≈≈
.≈.##P##....####..m.≈≈?..≈≈.
≈≈..............≈...≈≈...≈≈.
≈≈≈.....(.....≈≈≈f≈≈≈..≈≈≈((
≈≈≈≈.......≈≈≈≈≈mfm≈..≈≈≈≈≈.
.≈≈≈≈≈...≈≈≈≈≈≈)ff≈...≈≈≈≈≈.
≈≈≈≈≈≈≈≈≈≈≈≈≈≈≈≈@≈≈≈.≈≈≈≈≈..
≈≈≈≈≈≈≈≈≈≈≈≈≈≈≈≈≈≈≈≈≈≈≈≈≈≈≈≈
≈≈≈≈≈≈≈≈≈≈≈≈≈≈≈≈≈≈≈≈≈≈≈≈≈≈≈≈
≈≈≈≈≈≈≈≈≈≈≈≈≈≈≈≈≈≈≈≈≈≈≈≈≈≈≈≈
≈≈≈≈≈≈≈≈≈≈≈≈≈≈≈≈≈≈≈≈≈≈≈≈≈≈≈≈
≈≈≈≈≈≈≈≈≈≈≈≈≈≈≈≈≈≈≈≈≈≈≈
##################


You could see a merfolk impaler, 2 merfolk and 4 friendly wandering mushrooms.

Vanquished Creatures
  The ghost of Xodoxeg the Cruncher, a journeyman NaWz of Kikubaaqudgha (Lair:4)
  2 entropy weavers (Lair:5)
  Nessos (Lair:4)
  Josephine (Lair:5)
  2 merfolk impalers
  The ghost of Roran the Transmogrifier, a journeyman NaTm of Gozag (D:10)
  10 hydras
  2 catoblepae
  3 merfolk avatars
  A two-headed ogre (D:8)
  A queen ant (Lair:5)
  6 sea snakes
  5 harpies (Shoals:2)
  Pikel (D:5)
  9 fauns
  5 manticores
  A cyclops (Shoals:1)
  3 elephants (Lair:2)
  6 merfolk sirens
  2 black mambas
  12 spiny frogs
  5 rime drakes
  4 komodo dragons
  9 merfolk
  A troll (D:10)
  2 meliai
  4 polar bears
  7 hornets
  Prince Ribbit (D:9)
  2 wind drakes (Shoals:2)
  A jumping spider (Lair:2)
  A queen bee (Lair:4)
  17 blink frogs
  4 dream sheep
  8 hippogriffs
  6 snapping turtles
  A redback (Lair:2)
  3 water elementals
  12 spriggans (Lair:6)
  Sigmund (D:5)
  4 wraiths
  31 yaks
  8 wyverns (Lair:5)
  A hungry ghost (Shoals:1)
  7 basilisks
  Grum (D:9)
  Edmund (D:5)
  24 soldier ants
  13 water moccasins
  2 ice beasts
  8 porcupines
  4 sky beasts
  10 orc warriors (Bailey)
  2 phantoms
  3 black bears (Lair:6)
  23 wolves
  2 slaves (D:5)
  3 boggarts (Lair:6)
  A necrophage (D:5)
  11 centaurs
  4 ogres
  9 crocodiles
  12 bullfrogs
  A wyvern skeleton (D:10)
  5 scorpions
  27 killer bees
  4 wights
  An electric eel (Lair:6)
  6 howler monkeys
  3 crimson imps
  2 centaur zombies (D:6)
  2 bullfrog zombies (D:9)
  An orc priest (D:4)
  Crazy Yiuf (D:7)
  2 centaur skeletons
  6 jellies
  2 hounds
  Jessica (D:6)
  2 bullfrog skeletons
  4 iguanas
  9 orc wizards
  26 worker ants
  A killer bee zombie (D:9)
  2 hound skeletons
  3 worker ant zombies
  7 gnolls
  A howler monkey skeleton (D:6)
  10 adders
  4 shadow imps
  A white imp (D:5)
  8 oozes
  3 adder skeletons
  6 worms
  A dart slug (D:1)
  6 leopard geckos
  38 orcs
  13 bats
  4 giant cockroaches
  6 goblins
  8 hobgoblins
  18 jackals
  2 quokkas
  2 ball pythons
  5 frilled lizards
  2 goblin skeletons (D:5)
  A hobgoblin zombie (D:5)
  A jackal zombie (D:8)
  4 kobolds
  3 kobold skeletons (D:5)
  2 kobold zombies (D:5)
  4 leopard gecko zombies
  An orc skeleton (D:5)
  2 orc zombies (D:5)
  13 rats
635 creatures vanquished.

Vanquished Creatures (collateral kills)
  A minotaur (Lab)
  2 hydras
  3 elephants (Lair:2)
  A spiny frog (Lair:4)
  A komodo dragon (Lair:5)
  A merfolk (Shoals:2)
  A meliai (Lair:4)
  A snapping turtle (Shoals:2)
  2 dream sheep (Lair:4)
  A soldier ant (Lair:5)
  A hell hound (Lair:5)
  A centaur (Lair:4)
  A worker ant (Lair:5)
17 creatures vanquished.

Vanquished Creatures (others)
  4 oklob plants
  5 wandering mushrooms
  Ijyb (D:5)
  14 fungi
  24 plants
  449 toadstools
497 creatures vanquished.

Grand Total: 1149 creatures vanquished

Notes
Turn   | Place    | Note
-------+----------+-------------------------------------------
     0 | D:1      | emperorscorpion the Centaur Hunter began the quest for the Orb.
     0 | D:1      | Reached XP level 1. HP: 17/17 MP: 1/1
   265 | D:1      | Reached XP level 2. HP: 15/24 MP: 2/2
   431 | D:1      | Reached skill level 6 in Bows
   713 | D:1      | Reached XP level 3. HP: 30/30 MP: 3/3
  1473 | D:2      | Found a hide-covered altar of Uskayaw.
  1474 | D:2      | Found a blossoming altar of Fedhas.
  1480 | D:2      | Became a worshipper of Fedhas Madash
  1625 | D:2      | Reached XP level 4. HP: 35/37 MP: 4/4
  1935 | D:2      | Reached skill level 1 in Armour
  2674 | D:3      | Found a faded altar of an unknown god.
  2986 | D:3      | Reached XP level 5. HP: 39/45 MP: 5/5
  3525 | D:4      | Reached * piety under Fedhas
  3673 | D:4      | Noticed an ogre
  3712 | D:4      | Killed an ogre
  3712 | D:4      | Reached skill level 1 in Stealth
  3712 | D:4      | Reached XP level 6. HP: 26/52 MP: 6/6
  4044 | D:4      | Found a shattered altar of Ashenzari.
  4448 | D:5      | Entered Level 5 of the Dungeon
  4698 | D:5      | Reached XP level 7. HP: 52/59 MP: 7/7
  4888 | D:5      | Noticed Edmund
  4986 | D:5      | Killed Edmund
  4986 | D:5      | Reached skill level 7 in Bows
  5138 | D:5      | Found a glowing golden altar of the Shining One.
  5700 | D:5      | Reached skill level 8 in Bows
  5874 | D:5      | Reached XP level 8. HP: 52/67 MP: 8/8
  5931 | D:5      | Noticed Pikel
  5981 | D:5      | Killed Pikel
  5981 | D:5      | Reached skill level 5 in Fighting
  5981 | D:5      | Reached skill level 9 in Bows
  6158 | D:5      | Noticed Sigmund
  6229 | D:5      | Noticed Ijyb
  6233 | D:5      | Killed Sigmund
  6233 | D:5      | Killed Ijyb
  6296 | D:5      | Reached skill level 10 in Bows
  6568 | D:6      | Reached XP level 9. HP: 75/75 MP: 9/9
  6734 | D:6      | Reached skill level 11 in Bows
  7060 | D:6      | Found a staircase to the Ecumenical Temple.
  7428 | D:6      | Found a bloodstained altar of Trog.
  7545 | D:6      | Noticed Jessica
  7549 | D:6      | Killed Jessica
  7557 | D:6      | Found a deep blue altar of Sif Muna.
  7653 | D:7      | Paralysed by a hornet for 3 turns
  7657 | D:7      | HP: 3/78 [poisoned by a hornet]
  8161 | D:7      | Found a runed door.
  8165 | D:7      | Noticed Crazy Yiuf
  8176 | D:7      | Killed Crazy Yiuf
  8300 | D:7      | Found a glowing silver altar of Zin.
  9085 | D:7      | Reached skill level 12 in Bows
  9094 | D:7      | Got a steaming leather armour
  9105 | D:7      | Identified the +2 leather armour "Diong" {rC- rN+++ Dex+3} (You found it on level 7 of the Dungeon)
  9425 | D:8      | Reached ** piety under Fedhas
  9455 | D:8      | Noticed a two-headed ogre
  9516 | D:8      | Killed a two-headed ogre
  9516 | D:8      | Reached XP level 10. HP: 79/86 MP: 10/10
  9627 | D:8      | HP: 3/86 [killer bee (7)]
 10131 | D:8      | Found a flagged portal.
 10139 | Bailey   | Entered a bailey
 10182 | Bailey   | HP: 3/86 [orc/halberd (3)]
 10182 | Bailey   | HP: 1/86 [orc/enchanted spear (2)]
 10721 | Bailey   | Reached skill level 13 in Bows
 10846 | Bailey   | Reached skill level 1 in Polearms
 10943 | Bailey   | HP: 4/88 [centaur/halberd (9)]
 10945 | Bailey   | Reached skill level 1 in Invocations
 11244 | Bailey   | Got an ancient ivory amulet
 11245 | Bailey   | Identified the amulet "Goiryeg" {Harm *Drain rPois rC+ MR+} (You found it in a bailey)
 11838 | D:9      | Got a distressingly furry robe
 11880 | D:9      | Noticed Prince Ribbit
 11883 | D:9      | Killed Prince Ribbit
 11884 | D:9      | Reached *** piety under Fedhas
 11932 | D:9      | Noticed Grum
 12035 | D:9      | Noticed Erica
 12087 | D:9      | Killed Grum
 12559 | D:10     | Entered Level 10 of the Dungeon
 12592 | D:10     | Found Pehogo's Weapon Shoppe.
 12596 | D:10     | Found a staircase to the Lair.
 12641 | D:10     | Reached XP level 11. HP: 95/95 MP: 11/11
 12801 | D:10     | Found a runed door.
 12803 | D:10     | Noticed an eight-headed hydra
 12805 | D:10     | Noticed Roran's ghost (journeyman NaTm)
 13318 | D:10     | Killed an eight-headed hydra
 13318 | D:10     | Reached skill level 5 in Armour
 13492 | D:10     | Killed Roran's ghost
 13492 | D:10     | Reached skill level 5 in Polearms
 13678 | Lair:1   | Entered Level 1 of the Lair of Beasts
 13690 | Lair:1   | Reached skill level 1 in Evocations
 13758 | Lair:1   | Noticed a seven-headed hydra
 13768 | Lair:1   | Killed a seven-headed hydra
 14363 | Lair:1   | Reached **** piety under Fedhas
 14487 | Lair:2   | Found a hole to the Spider Nest.
 14524 | Lair:2   | Got a smoking marble ring
 14536 | Lair:2   | Identified the ring "Mevik" {-Tele rElec rPois rC+ Str+4} (You found it on level 2 of the Lair of Beasts)
 14566 | Lair:2   | Noticed a four-headed hydra
 14589 | Lair:2   | Killed a four-headed hydra
 14639 | Lair:2   | Reached skill level 10 in Fighting
 14704 | Lair:2   | Reached XP level 12. HP: 82/106 MP: 13/13
 15466 | Lair:3   | Noticed an eight-headed hydra
 15479 | Lair:3   | Killed an eight-headed hydra
 15479 | Lair:3   | Reached skill level 5 in Dodging
 15503 | Lair:3   | Noticed a six-headed hydra
 15690 | Lair:3   | Found a labyrinth entrance.
 15704 | Lab      | Entered a labyrinth
 16099 | Lab      | Noticed a minotaur
 16116 | Lab      | Killed a minotaur
 16131 | Lab      | Found the amulet of the Four Winds {rN+ MR+++ Clar}
 16132 | Lab      | Got a twisted ring mail
 16136 | Lab      | Learned a level 2 spell: Blink
 16157 | Lab      | Identified the +4 ring mail of Dearear {+Fly rF- MR+++ rCorr} (You found it in a labyrinth)
 16302 | Lair:3   | Killed a six-headed hydra
 16302 | Lair:3   | Reached skill level 1 in Translocations
 16541 | Lair:4   | Noticed a four-headed hydra
 16550 | Lair:4   | Killed a four-headed hydra
 16550 | Lair:4   | Reached skill level 1 in Spellcasting
 16584 | Lair:4   | Found a runed gate.
 16584 | Lair:4   | Found a runed gate.
 16584 | Lair:4   | Found a runed gate.
 16584 | Lair:4   | Noticed a 12-headed hydra
 16584 | Lair:4   | Noticed Xodoxeg's ghost (journeyman NaWz)
 16621 | Lair:4   | Killed a 12-headed hydra
 16662 | Lair:4   | Killed Xodoxeg's ghost
 16794 | Lair:4   | Found a staircase to the Shoals.
 16896 | Lair:4   | Noticed a seven-headed hydra
 16939 | Lair:4   | Killed a seven-headed hydra
 16939 | Lair:4   | Reached skill level 14 in Bows
 17340 | Lair:4   | Reached ***** piety under Fedhas
 17525 | Lair:4   | Reached XP level 13. HP: 58/116 MP: 16/16
 17995 | Lair:5   | Noticed Nessos
 18482 | Lair:4   | Killed Nessos
 19059 | Lair:5   | Noticed an entropy weaver
 19066 | Lair:5   | Killed an entropy weaver
 19105 | Lair:4   | Reached skill level 15 in Bows
 19258 | Lair:5   | Noticed an entropy weaver
 19406 | Lair:5   | Killed an entropy weaver
 19546 | Lair:5   | Identified the cursed +0 robe "Hygrier" {rF+ rN+ rCorr} (You found it on level 9 of the Dungeon)
 20190 | Lair:5   | Reached skill level 16 in Bows
 20191 | Lair:5   | Reached ****** piety under Fedhas
 20366 | Lair:6   | Entered Level 6 of the Lair of Beasts
 20546 | Lair:6   | Reached XP level 14. HP: 125/125 MP: 18/18
 20702 | Lair:6   | Found a viscous altar of Jiyva.
 20702 | Lair:6   | Found a staircase to the Slime Pits.
 21015 | Lair:4   | Reached skill level 17 in Bows
 22198 | Lair:5   | Noticed Josephine
 22367 | Lair:5   | Killed Josephine
 22459 | Shoals:1 | Entered Level 1 of the Shoals
 22844 | Shoals:1 | Found a runed door.
 23546 | Shoals:1 | Found a shimmering altar of Xom.
 23546 | Shoals:1 | Noticed Dueffin's ghost (journeyman SpVM)
 23548 | Shoals:1 | Upgraded the game from 0.22-a0-567-gff9aefc to 0.22-a0-570-g58866f5
 23599 | Shoals:1 | Found Gadezoz's General Store.
 23704 | Shoals:1 | Reached skill level 18 in Bows
 23736 | Shoals:1 | Reached skill level 1 in Throwing
 23789 | Shoals:1 | Reached skill level 5 in Invocations
 24055 | Shoals:1 | Bought 12 arrows for 40 gold pieces
 24420 | Shoals:1 | You fall through a shaft!
 24675 | Shoals:2 | Reached XP level 15. HP: 97/134 MP: 16/19
 24787 | Shoals:2 | Learned a level 3 spell: Regeneration
 25144 | Shoals:2 | HP: 1/134 [merfolk impaler/vampiric trident (21)]
 25150 | Shoals:2 | Slain by a merfolk impaler

Vault maps used:
D:1:      dpeg_arrival_lava_altar
D:2:      gammafunk_temple_overflow_pools
D:3:      chequers_ecumenical_altar_simple_redux, first_ration, minivault_23
D:4:      marbit_many_paths, serial_co_window_serial, co_window_paths_a,
          co_window_paths_a, co_window_paths_a, co_window_paths_b,
          co_window_paths_b, co_window_corner_b, co_window_2corner,
          co_window_corner_cb, co_window_unsneaky_path_b, co_window_paths_c,
          glass_columns_c, glass_columns_b, glass_columns_a, glass_columns_a,
          glass_columns_b, minmay_stone_trees_medium
D:5:      grunt_ministairs_8, nicolae_tso_besieged_by_evil, uniq_edmund,
          uniq_pikel, uniq_ijyb, uniq_sigmund
D:6:      tgw_sif, kennysheep_mini, minmay_temple_entry_junction
D:7:      zin_scriptorium, uniq_crazy_yiuf_cottage
D:8:      enter_bailey_1
D:9:      serial_curves, eino_curves_02, eino_curves_03, eino_curves_04,
          eino_curves_04, statue_in_the_mist_lemuel, uniq_erica,
          uniq_prince_ribbit1, uniq_grum
D:10:     lair_entry_dummy, serial_shops, shop, ebering_ghost_inner_flame,
          hangedman_little_slice_of_home
Lair:1:   beast_lair_carwin_2
Lair:2:   spider_nest_entry_a, grunt_megastairs_1
Lair:3:   lab_entry_generic, grunt_forest_small_clearings
Lair:4:   minmay_shoals_entry_centaurs, special_room,
          gammafunk_ghost_hydra_chop, st_stairs_11
Lair:5:   special_room, st_stairs_10, minivault_29, uniq_josephine, uniq_nessos
Lair:6:   minmay_lair_end_enchanted_forest, dpeg_slime_entry_enclosed_altar,
          hangedman_lair_unloving_vines, serial_bayou_ford_a
Shoals:1: ebering_ghost_xom, serial_shops, shop_fountains,
          nicolae_shoals_so_close
Shoals:2: argonaut_gorgonesque
Lab:      nicolae_lab_stuck
Bailey:   bailey_polearm_flooded_kennysheep, bailey

Skill      XL: |  1  2  3  4  5  6  7  8  9 10 11 12 13 14 15 |
---------------+----------------------------------------------+-----
Bows           | 6 8 10 12 13 14 16 18 | 18.3
Armour         | 1 2 3 4 5 6 7 |  7.2
Fighting       | 3 4 6 7 8 10 11 12 | 12.8
Dodging        | 2 3 4 5 |  5.7
Stealth        | 1 2 3 4 |  4.2
Polearms       | 3 7 8 9 |  9.8
Invocations    | 1 2 5 6 |  6.1
Evocations     | 1 2 |  2.6
Translocations | 3 4 |  4.5
Spellcasting   | 2 3 |  3.2
Throwing       | 1 |  1.2

Action                   |  1- 3 |  4- 6 |  7- 9 | 10-12 | 13-15 || total
-------------------------+-------+-------+-------+-------+-------++-------
Melee: Short sword       |   117 |       |       |       |       ||   117
       Kick              |    25 |    30 |    77 |   115 |    24 ||   271
       Dagger            |    19 |   133 |   277 |    79 |       ||   508
       Trident           |       |       |       |   446 |   121 ||   567
 Fire: Shortbow          |       |     7 |   166 |   378 |    95 ||   646
       Longbow           |       |       |       |       |   787 ||   787
Throw: Javelin           |       |       |       |       |    20 ||    20
       Throwing net      |       |       |       |       |     1 ||     1
 Cast: Blink             |       |       |       |       |    17 ||    17
Invok: Fungal Bloom      |     1 |    16 |    11 |    49 |    73 ||   150
       Sunlight          |       |       |       |     5 |     1 ||     6
       Evolution         |       |       |       |     6 |    18 ||    24
       Growth            |       |       |       |     1 |       ||     1
 Abil: Evoke Flight      |       |       |       |       |     2 ||     2
Evoke: Wand              |       |       |     3 |    13 |    27 ||    43
  Use: Scroll            |       |       |     8 |    13 |     9 ||    30
       Potion            |       |       |     1 |    12 |     1 ||    14
 Stab: Sleeping          |       |     4 |     6 |       |       ||    10
       Distracted        |       |       |       |     3 |     1 ||     4
       Confused          |       |       |       |       |     2 ||     2
  Eat: Chunk             |     1 |     8 |    10 |    17 |    11 ||    47
       Ration            |       |       |     1 |     1 |     3 ||     5
Armor: Leather armour    |    74 |    28 |    76 |    45 |       ||   223
       Ring mail         |       |       |       |   186 |   209 ||   395
       Skin              |       |       |       |     2 |       ||     2
Dodge: Dodged            |    61 |    49 |    91 |   301 |   131 ||   633

Table legend:
 A = Spawn XP
 B = Non-spawn XP
 C = Spawn XP percentage of total XP
 D = Spawn monster count
 E = Non-spawn monster count
 F = Spawn count percentage of total count
 G = Total turns spent on level
                    A         B        C        D         E        F      G
               +---------+---------+-------+---------+---------+-------+---------
         Total |       0 |  112136 |   0.0 |       0 |     650 |   0.0 | 25150
               +---------+---------+-------+---------+---------+-------+---------
           D:1 |       0 |      54 |   0.0 |       0 |      31 |   0.0 |  1234
           D:2 |       0 |      77 |   0.0 |       0 |      30 |   0.0 |   829
           D:3 |       0 |      70 |   0.0 |       0 |      18 |   0.0 |  1085
           D:4 |       0 |     323 |   0.0 |       0 |      14 |   0.0 |  1300
           D:5 |       0 |    1875 |   0.0 |       0 |      42 |   0.0 |  1972
           D:6 |       0 |    1073 |   0.0 |       0 |      20 |   0.0 |  1330
           D:7 |       0 |    1133 |   0.0 |       0 |      30 |   0.0 |  1675
           D:8 |       0 |    1629 |   0.0 |       0 |      19 |   0.0 |   909
           D:9 |       0 |    1600 |   0.0 |       0 |      32 |   0.0 |   917
          D:10 |       0 |    5084 |   0.0 |       0 |      31 |   0.0 |  1140
        Lair:1 |       0 |    3625 |   0.0 |       0 |      19 |   0.0 |   765
        Lair:2 |       0 |    6087 |   0.0 |       0 |      17 |   0.0 |   973
        Lair:3 |       0 |    4356 |   0.0 |       0 |      15 |   0.0 |   643
        Lair:4 |       0 |   14301 |   0.0 |       0 |      64 |   0.0 |  3442
        Lair:5 |       0 |   22304 |   0.0 |       0 |      91 |   0.0 |  1614
        Lair:6 |       0 |   17734 |   0.0 |       0 |      78 |   0.0 |  1570
      Shoals:1 |       0 |   15791 |   0.0 |       0 |      35 |   0.0 |  1395
      Shoals:2 |       0 |   11814 |   0.0 |       0 |      24 |   0.0 |   593
           Lab |       0 |     927 |   0.0 |       0 |       1 |   0.0 |   454
        Bailey |       0 |    2279 |   0.0 |       0 |      39 |   0.0 |  1308
               +---------+---------+-------+---------+---------+-------+---------
